 Dungeon Crawl Stone Soup version 0.26.1-2-gb8aa6d0cf2 (webtiles) character file.

Game seed: 8656048326066453700

2277 nightchill the Cleaver (level 9, -2/81 HPs)
             Began as a Ghoul Gladiator on Mar 2, 2021.
             Was an Elder of Uskayaw.
             Slain by an orc warrior
             ... wielding a +0 trident
              (16 damage)
             ... on level 8 of the Dungeon on Mar 3, 2021.
             The game lasted 00:17:29 (7831 turns).

nightchill the Cleaver (Ghoul Gladiator)            Turns: 7831, Time: 00:17:30

Health: -2/81      AC:  8    Str: 27    XL:     9   Next: 39%
Magic:  5/9        EV: 12    Int:  3    God:    Uskayaw [****..]
Gold:   512        SH:  0    Dex: 10    Spells: 8/8 levels left

rFire    . . .     SeeInvis .   a - +1 war axe
rCold    + + .     Faith    +   (no shield)
rNeg     + + +     Spirit   .   m - +0 ring mail
rPois    ∞         Reflect  .   c - +1 helmet
rElec    .         Harm     .   n - +0 cloak
rCorr    .         Rampage  .   (no gloves)
Will     .....                  (no boots)
Stlth    ..........             l - amulet of faith
HPRegen  0.00/turn              b - +6 ring of strength
MPRegen  0.11/turn              k - ring of protection from cold

@: no status effects
A: claws 1, cold resistance 1, negative energy resistance 3, inhibited
regeneration, torment resistance, unbreathing
a: Renounce Religion, Stomp, Line Pass


You were on level 8 of the Dungeon.
You worshipped Uskayaw.
Uskayaw was noncommittal.
You visited 2 branches of the dungeon, and saw 9 of its levels.

You collected 512 gold pieces.

Inventory:

Hand Weapons
 a - a +1 war axe (weapon)
 x - a +2 whip of electrocution
Missiles
 d - 2 throwing nets (quivered)
 i - 4 curare-tipped darts
 r - 10 boomerangs
 s - 211 stones
Armour
 c - a +1 helmet (worn)
 m - a +0 ring mail (worn)
 n - a +0 cloak (worn)
Jewellery
 b - a +6 ring of strength (left claw)
 h - an uncursed ring of wizardry
 k - a ring of protection from cold (right claw)
 l - an amulet of faith (around neck)
 p - an uncursed ring of magical power
 y - an uncursed amulet of reflection
 D - an uncursed amulet of guardian spirit {unknown}
 E - an uncursed ring of magical power
 G - an uncursed ring of magical power
Wands
 v - a wand of digging (2)
 w - a wand of iceblast (7)
 F - a wand of polymorph (5)
Scrolls
 f - 2 scrolls of amnesia
 g - 4 scrolls of enchant armour
 o - 2 scrolls of immolation
 q - a scroll of fear
 u - a scroll of teleportation
 B - 2 scrolls of remove curse
Potions
 e - 2 potions of curing
 j - 2 potions of brilliance
 t - 2 potions of invisibility
 z - 2 potions of resistance
 A - 2 potions of heal wounds {unknown}
 C - a potion of experience {unknown}


   Skills:
 + Level 7.9 Fighting
 * Level 9.4 Axes
 - Level 2.1 Throwing
 - Level 2.9 Dodging
 + Level 1.4 Invocations


You had 8 spell levels left.
You didn't know any spells.
Your spell library contained the following spells:

 Spells                   Type           Power        Failure   Level
 Animate Skeleton         Necr           0%           67%         1
 Pain                     Necr           0%           67%         1
 Vampiric Draining        Necr           0%           95%         3
 Animate Dead             Necr           0%           100%        4
 Agony                    Necr           0%           100%        5
 Beastly Appendage        Tmut           Unusable     N/A         1
 Wereblood                Tmut           Unusable     N/A         2
 Spider Form              Tmut/Pois      Unusable     N/A         3
 Ice Form                 Ice/Tmut       Unusable     N/A         4
 Blade Hands              Tmut           Unusable     N/A         5

Dungeon Overview and Level Annotations

Branches:
Dungeon (8/15)             Temple (1/1) D:7
   Lair: D:8-11

Altars:
Ashenzari
Dithmenos
Fedhas
Gozag
Hepliaklqana
Kikubaaqudgha
Makhleb
Nemelex Xobeh
Okawaru
Trog
Uskayaw
Vehumet
Wu Jian
Xom
Yredelemnul
Zin

Shops:
D:4 [   D:5 (   D:6 *

Annotations:
D:1 exclusion: downstairs
D:2 exclusion: downstairs


Innate Abilities, Weirdness & Mutations

You thrive by killing the living.
You are immune to poison.
You have sharp fingernails.
Your flesh is cold resistant. (rC+)
You are immune to negative energy. (rN+++)
You do not regenerate when monsters are visible.
You are immune to unholy pain and torment.
You can survive without breathing.


Message History

You slash the orc warrior!
The orc warrior is almost dead.
The orc hits you from afar with a +0 trident.
Uskayaw will force your foes to share their pain.
Uskayaw links your audience in an emotional bond!
You barely miss the orc warrior.
The orc warrior is almost dead.
The orc warrior hits you with a +0 trident!
* * * LOW HITPOINT WARNING * * *
The orc misses you.
You closely miss the orc warrior.
The orc warrior is almost dead.
The orc warrior hits you with a +0 trident!
* * * LOW HITPOINT WARNING * * *
You hit the orc warrior but do no damage.
The orc warrior is almost dead.
The orc warrior is no longer sharing its pain.
The orc hits you but does no damage.
The orc warrior hits you with a +0 trident!
You die...

#.######.. .##.##.#
#.##...... .......
#........# #.....#
#..#.###.# #.....#
#........# ##>....#
##.#.###.# ##...o.
#.#..##.#
####..))########.#...#.#
+......@o)..............
####....########.#...#.#
##.#.# #......(# ###.#
#....#### #.# #.#### #..
#.# ##. #.# .# .#


You could see an orc warrior and an orc (pain bonded).

Vanquished Creatures
  An ice beast (D:6)
  A black bear (D:7)
  A phantom (D:4)
  4 ogres
  3 centaurs
  2 bullfrogs
  4 killer bees (D:7)
  A wight (D:7)
  5 howler monkeys
  2 quasits (D:8)
  2 jellies
  2 hounds
  3 orc priests
  4 bullfrog skeletons
  2 iguanas
  5 orc wizards
  2 worker ants
  A hound skeleton (D:6)
  4 gnolls
  5 adders
  4 white imps
  An ufetubus (D:5)
  An ooze (D:3)
  2 adder skeletons
  5 worms
  A dart slug (D:3)
  4 leopard geckos
  18 orcs
  2 ball pythons
  9 giant cockroaches
  5 goblins
  7 hobgoblins
  12 jackals
  4 quokkas
  5 bats
  6 frilled lizards
  5 kobolds
  A leopard gecko skeleton (D:4)
  A leopard gecko zombie (D:6)
  A quokka skeleton (D:8)
  8 rats
156 creatures vanquished.

Vanquished Creatures (others)
  An orc wizard (D:7)
1 creature vanquished.

Grand Total: 157 creatures vanquished

Notes
Turn   | Place    | Note
-------+----------+-------------------------------------------
     0 | D:1      | nightchill the Ghoul Gladiator began the quest for the Orb.
     0 | D:1      | Reached XP level 1. HP: 17/17 MP: 0/0
   335 | D:1      | Reached XP level 2. HP: 25/25 MP: 1/1
   742 | D:1      | Reached skill level 3 in Axes
   853 | D:1      | Reached XP level 3. HP: 30/30 MP: 2/2
  1340 | D:2      | Reached XP level 4. HP: 38/38 MP: 3/3
  1662 | D:3      | Reached skill level 4 in Axes
  1666 | D:3      | Reached XP level 5. HP: 45/45 MP: 4/4
  2704 | D:4      | Noticed an ogre
  2717 | D:4      | Killed an ogre
  2718 | D:4      | Reached skill level 5 in Axes
  2718 | D:4      | Reached XP level 6. HP: 35/53 MP: 5/5
  3184 | D:4      | Reached XP level 7. HP: 34/60 MP: 6/6
  3441 | D:4      | Reached skill level 5 in Fighting
  3441 | D:4      | Reached skill level 6 in Axes
  3549 | D:4      | Found Duec's Antique Armour Shoppe.
  4159 | D:5      | Entered Level 5 of the Dungeon
  4712 | D:5      | Reached XP level 8. HP: 66/70 MP: 7/7
  4745 | D:4      | Reached skill level 7 in Axes
  4911 | D:5      | Found Siofrut's Antique Weapon Boutique.
  5297 | D:6      | Found Hutroes's Assorted Antiques.
  6016 | D:7      | Reached skill level 8 in Axes
  6041 | D:7      | Found a staircase to the Ecumenical Temple.
  6048 | Temple   | Entered the Ecumenical Temple
  6111 | Temple   | Became a worshipper of Uskayaw the Reveller
  6159 | D:7      | Reached * piety under Uskayaw
  6182 | D:7      | Reached ** piety under Uskayaw
  6207 | D:7      | Reached *** piety under Uskayaw
  6211 | D:7      | Reached **** piety under Uskayaw
  6277 | D:6      | Reached XP level 9. HP: 31/79 MP: 2/8
  6999 | D:7      | Reached skill level 9 in Axes
  7000 | D:7      | Reached ***** piety under Uskayaw
  7695 | D:8      | Reached skill level 1 in Invocations
  7831 | D:8      | Slain by an orc warrior

Illustrated notes

Levels and vault maps discovered:
D:1:      dpeg_arrival_rooms_a, layout_rooms
D:2:      layout_rooms
D:3:      layout_basic, wad_rectangle_vault
D:4:      layout_loops_ring, serial_shops, shop
D:5:      layout_rooms, led_sif_book, serial_shops, shop
D:6:      layout_basic, serial_shops, kennysheep_mini_moat,
          kennysheep_generic_room_7
D:7:      layout_cave_pods, minmay_temple_entry_overgrown,
          minmay_increasing_density
D:8:      layout_loops_corners
Temple:   compressed_dpeg_triangle_lava_temple

Skill      XL: |  1  2  3  4  5  6  7  8  9 |
---------------+----------------------------+-----
Throwing       | 2 |  2.1
Axes           | 3 4 5 6 8 9 |  9.4
Fighting       | 3 4 5 7 |  7.9
Invocations    | 1 |  1.4
Dodging        | |  2.9

Action                   |  1- 3 |  4- 6 |  7- 9 || total
-------------------------+-------+-------+-------++-------
Melee: War axe           |   118 |   200 |   278 ||   596
Throw: Throwing net      |       |     1 |     1 ||     2
Invok: Line Pass         |       |       |     2 ||     2
       Stomp             |       |       |     1 ||     1
  Use: Scroll            |       |     4 |    12 ||    16
 Stab: Paralysed         |       |       |     7 ||     7
Armor: Leather armour    |    23 |       |       ||    23
       Ring mail         |    21 |   101 |   123 ||   245
Dodge: Dodged            |    72 |   118 |   191 ||   381
